 Dungeon Crawl Stone Soup version 0.22-a0-283-g1871b15 (webtiles) character file.

30290 Amnesiac the Eclecticist (level 13, -1/70 HPs)
             Began as a Tengu Air Elementalist on Mar 20, 2018.
             Was a High Priest of Sif Muna.
             Slain by a deep elf archer
             ... wielding a +0 dagger
              (22 damage)
             ... on level 1 of the Elven Halls.
             The game lasted 00:48:27 (21586 turns).

Amnesiac the Eclecticist (Tengu Air Elementalist)  Turns: 21586, Time: 00:48:27

Health: -1/70      AC:  9    Str:  8    XL:     13   Next: 50%
Magic:  27/33      EV: 17    Int: 21    God:    Sif Muna [*****.]
Gold:   1095       SH:  0    Dex: 15    Spells: 25/43 levels left

rFire    . . .     SeeInvis .   k - +5 war axe (chop)
rCold    + . .     Gourm    .   (no shield)
rNeg     . . .     Faith    .   o - +0 robe {rF+}
rPois    .         Spirit   .   h - +2 hat
rElec    .         Reflect  .   r - +1 cloak
rCorr    .         Harm     .   i - +2 pair of gloves
MR       .....                  (boots unavailable)
Stlth    +++.......             m - amulet of regeneration
HPRegen  0.61/turn              y - ring of stealth
MPRegen  0.23/turn              f - ring of ice

@: divine energy
A: beak, talons 3, able to fly 1
a: Fly, Stop Divine Energy, Channel Magic, Forget Spell, Renounce Religion


You were on level 1 of the Elven Halls.
You worshipped Sif Muna.
Sif Muna was extremely pleased with you.
You were not hungry.

You visited 4 branches of the dungeon, and saw 13 of its levels.

You collected 1373 gold pieces.
You spent 278 gold pieces at shops.

Inventory:

Hand Weapons
 k - a +5 war axe of chopping (weapon)
 z - a +1 hunting sling of flaming
Missiles
 B - 43 sling bullets
Armour
 h - a +2 hat (worn)
 i - a +2 pair of gloves (worn)
 o - a +0 robe of fire resistance (worn)
 r - a +1 cloak (worn)
 u - the +1 robe of Wu Jian's Pride {+Inv rElec rF- MR+++}
   (You bought it in a shop on level 2 of the Orcish Mines)

   It makes you vulnerable to fire.
   It insulates you from electricity.
   It affects your resistance to hostile enchantments.
   It lets you turn invisible.
Jewellery
 f - a ring of ice (right hand)
 m - an amulet of regeneration (around neck)
 y - a ring of stealth (left hand)
Wands
 a - a wand of iceblast (17)
 q - a wand of flame (28)
 v - a wand of random effects (36)
 C - a wand of disintegration (18)
Scrolls
 e - 3 scrolls of identify {!r}
 g - a scroll of magic mapping {!r}
 l - 4 scrolls of remove curse {!r}
 t - 5 scrolls of teleportation {!r}
 x - a scroll of fog {!r}
 A - a scroll of summoning {!r}
 G - 2 scrolls of silence {!r}
 H - a scroll of holy word {!r}
Potions
 b - 4 potions of mutation {!q}
 d - 5 potions of curing {!q}
 j - a potion of magic {!q}
 n - 3 potions of lignification {!q}
 p - 2 potions of might {!q}
 s - 2 potions of brilliance {!q}
 w - a potion of berserk rage {!q}
 D - a potion of haste {!q}
 E - a potion of cancellation {!q}
 F - a potion of invisibility {!q}
Comestibles
 c - 15 rations


   Skills:
 - Level 4.1 Fighting
 - Level 7.1 Dodging
 - Level 2.0 Stealth
 * Level 15.5 Spellcasting
 - Level 1.3 Conjurations
 + Level 15.5 Air Magic


You had 25 spell levels left.
You knew the following spells:

 Your Spells              Type           Power        Failure   Level  Hunger
a - Airstrike             Air            ######....   1%          4    None
b - Swiftness             Chrm/Air       #####...     1%          2    None
d - Lightning Bolt        Conj/Air       ######....   3%          5    ###....
s - Summon Lightning Spi  Summ/Air       #####...     1%          4    None
z - Ozocubu's Armour      Chrm/Ice       ###.....     11%         3    None


Dungeon Overview and Level Annotations

Branches:
Dungeon (9/15)             Temple (1/1) D:6            Lair (0/6) D:9
    Orc (2/2) D:9             Elf (1/3) Orc:2

Altars:
Cheibriados
Dithmenos
Fedhas
Hepliaklqana
Kikubaaqudgha
Makhleb
Qazlal
Sif Muna
Vehumet
Xom
Yredelemnul
Beogh

Shops:
D:4 *   Orc:2 *%*:


Innate Abilities, Weirdness & Mutations

You have a beak for a mouth.
You have claws for feet.
You can fly.


Message History

You are unable to access your magic!
You are unable to access your magic!
You are unable to access your magic!
You regain access to your magic.
Casting: Airstrike (safe; 1% risk of failure)
Confirm with . or Enter, or press ? or * to list all spells.
Aiming: Airstrike (safe; 1% risk of failure)
Press: ? - help, Dir - move target cursor, f/p - elf zombie
Aim: an elf zombie (severely damaged)
The air twists around and strikes the elf zombie!
You destroy the elf zombie!
Sif Muna accepts your kill. Sif Muna grants you divine energy.
You briefly lose access to your magic!
You are unable to access your magic!
You are unable to access your magic!
You start resting.
You regain access to your magic.
You start resting.
Some of the chunks of flesh in your inventory have rotted away.
Magic restored.
There is an open door here.
There is an open door here.
Things that are here:
a dagger; a robe
Things that are here:
a dagger; a robe
There is an open door here.
All of the chunks of flesh in your inventory have rotted away.
As you open the door, it creaks loudly!
A deep elf archer comes into view. It is wielding a dagger.
The deep elf archer shouts!
The deep elf archer unwields an uncursed dagger.
The deep elf archer wields an uncursed shortbow.
The deep elf archer shoots an arrow.
The arrow hits you!!
A deep elf archer is nearby!
You close the door.
You start resting.
A deep elf archer opens the door.
It is wielding a shortbow.
The deep elf archer blinks!
Found 14 stones.
There is an open door here.
Casting: Airstrike (safe; 1% risk of failure)
Confirm with . or Enter, or press ? or * to list all spells.
Aiming: Airstrike (safe; 1% risk of failure)
Press: ? - help, Dir - move target cursor, f - deep elf archer
Aim: a deep elf archer, wielding a shortbow and wearing a leather armour (repelling missiles)
The air twists around and strikes the deep elf archer!
The deep elf archer is moderately wounded.
The deep elf archer shoots an arrow.
The arrow hits you!!
* * * LOW HITPOINT WARNING * * *
You start resting.
You start resting.
The deep elf archer shoots an arrow.
The arrow hits you!
* * * LOW HITPOINT WARNING * * *
Casting: Airstrike (safe; 1% risk of failure)
Confirm with . or Enter, or press ? or * to list all spells.
Aiming: Airstrike (safe; 1% risk of failure)
Press: ? - help, Dir - move target cursor, f/p - deep elf archer
Aim: a deep elf archer, wielding a shortbow and wearing a leather armour (moderately wounded, repelling missiles)
The air twists around and strikes the deep elf archer!
The deep elf archer is moderately wounded.
The deep elf archer unwields an uncursed shortbow.
The deep elf archer wields an uncursed dagger.
The deep elf archer hits you with an uncursed dagger!!
You die...

#...........)...........# .
#........)..........)...# Z.#
#........###'###........#
.Z..##'###...#.....#.....[..#
....p....#...#...).#........#
.(Z.#....#...#.....#........#
..⌠ #....#...#.....#........#
.. #....#...#...(.#........#
# #....#...#.(@(.#........#
+#####...##e####........#
...(...................#
...............e.
...............
###############


You could see a deep elf archer.

Vanquished Creatures
  An orc warlord (Orc:2)
  Louise (Elf:1)
  A stone giant (D:9)
  The ghost of Amnesiac the Destroyer, a journeyman DEWz of Sif Muna (Elf:1)
  A dancing weapon (Elf:1)
  The ghost of Amnesiac the Zephyrmancer, a journeyman TeAE of Sif Muna (Orc:1)
  5 orc high priests (Orc:2)
  The ghost of matakusis the Summoner, a novice DESu of Sif Muna (D:9)
  2 deep elf archers (Elf:1)
  4 orc knights
  11 deep elf magi (Elf:1)
  2 orc sorcerers
  2 necromancers (Elf:1)
  A cyclops (Orc:1)
  Joseph (D:8)
  Maurice (D:8)
  A large abomination (Elf:1)
  5 trolls
  2 hippogriffs (D:7)
  Sigmund (D:4)
  A spriggan (D:9)
  Grum (D:8)
  A hungry ghost (D:8)
  A basilisk (D:9)
  Eustachio (D:4)
  4 wargs
  Duvessa (D:5)
  30 orc warriors
  4 sky beasts
  A black bear (D:6)
  A phantom (D:9)
  2 ice beasts
  7 wolves
  12 ogres
  4 centaurs
  A bullfrog (D:8)
  3 elf zombies (Elf:1)
  Dowan (D:5)
  8 killer bees (D:8)
  A water moccasin skeleton (D:7)
  4 wights (D:6)
  2 electric eels (D:9)
  2 howler monkeys
  2 bullfrog zombies
  A quasit (D:6)
  34 orc priests
  6 hounds
  A jelly (D:5)
  An iguana (D:4)
  15 orc wizards
  6 worker ants
  A killer bee zombie (D:7)
  A hound skeleton (D:5)
  4 gnolls (D:4)
  5 adders
  4 shadow imps
  An ooze (D:1)
  2 adder skeletons (D:5)
  5 worms
  3 dart slugs
  82 orcs
  5 giant cockroaches
  4 goblins
  11 hobgoblins
  11 jackals
  8 quokkas
  5 bats
  9 frilled lizards
  10 kobolds
  2 leopard gecko skeletons (D:5)
  A leopard gecko zombie (D:7)
  11 rats
389 creatures vanquished.

Vanquished Creatures (others)
  An orc warrior (Orc:2)
1 creature vanquished.

Grand Total: 390 creatures vanquished

Notes
Turn   | Place    | Note
-------+----------+-------------------------------------------
     0 | D:1      | Amnesiac the Tengu Air Elementalist began the quest for the Orb.
     0 | D:1      | Reached XP level 1. HP: 10/10 MP: 4/4
    73 | D:1      | Reached XP level 2. HP: 15/15 MP: 0/6
   268 | D:1      | Learned a level 2 spell: Swiftness
   764 | D:1      | Reached skill level 5 in Air Magic
   847 | D:1      | Reached XP level 3. HP: 19/19 MP: 3/7
  1621 | D:2      | Reached XP level 4. HP: 17/24 MP: 5/9
  1637 | D:2      | Learned a level 4 spell: Airstrike
  3115 | D:3      | Gained mutation: You can fly. [Tengu growth]
  3115 | D:3      | Reached XP level 5. HP: 11/28 MP: 0/10
  3740 | D:4      | Noticed a sky beast
  3846 | D:3      | Killed a sky beast
  3846 | D:3      | Reached XP level 6. HP: 24/32 MP: 0/12
  4184 | D:4      | Noticed Eustachio
  4358 | D:4      | Noticed Sigmund
  4376 | D:4      | Killed Sigmund
  4376 | D:4      | Reached skill level 5 in Spellcasting
  4376 | D:4      | Reached XP level 7. HP: 21/36 MP: 9/15
  4500 | D:4      | Found Dicemiro's Assorted Antiques.
  4516 | D:4      | Bought a bubbling brown potion for 20 gold pieces
  4516 | D:4      | Bought a silvery potion for 20 gold pieces
  4516 | D:4      | Bought a scroll labeled BYKEUM EMAMN for 23 gold pieces
  4516 | D:4      | Bought a grey potion for 20 gold pieces
  4516 | D:4      | Bought a scroll labeled TEIBAU LATS for 23 gold pieces
  4610 | D:4      | Killed Eustachio
  4758 | D:5      | Entered Level 5 of the Dungeon
  4922 | D:5      | Reached XP level 8. HP: 41/41 MP: 5/19
  5675 | D:5      | Noticed Dowan
  5680 | D:5      | Killed Dowan
  5687 | D:5      | Noticed Duvessa
  5780 | D:5      | Killed Duvessa
  6133 | D:6      | Reached skill level 1 in Fighting
  6386 | D:6      | Reached skill level 5 in Dodging
  6386 | D:6      | Reached XP level 9. HP: 49/49 MP: 6/22
  6517 | D:6      | Found a basalt altar of Yredelemnul.
  6739 | D:6      | Found a staircase to the Ecumenical Temple.
  6795 | Temple   | Entered the Ecumenical Temple
  6807 | Temple   | Became a worshipper of Sif Muna the Loreminder
  6887 | D:6      | Found a blossoming altar of Fedhas.
  7365 | D:7      | Found a burning altar of Makhleb.
  8153 | D:8      | Reached * piety under Sif Muna
  8153 | D:8      | Reached XP level 10. HP: 47/56 MP: 4/24
  8170 | D:8      | Noticed Maurice
  8262 | D:8      | Killed Maurice
  8770 | D:8      | Noticed Joseph
  8983 | D:8      | Reached skill level 10 in Spellcasting
  9035 | D:8      | Learned a level 5 spell: Lightning Bolt
  9073 | D:8      | Killed Joseph
  9073 | D:8      | Reached ** piety under Sif Muna
  9073 | D:8      | Reached skill level 10 in Air Magic
  9988 | D:9      | Noticed matakusis's ghost (novice DESu)
 10181 | D:9      | Killed matakusis's ghost
 10267 | D:9      | Noticed Grum
 10295 | D:8      | Killed Grum
 10446 | D:9      | Reached *** piety under Sif Muna
 10446 | D:9      | Reached XP level 11. HP: 61/61 MP: 14/27
 10550 | D:9      | Found a staircase to the Lair.
 10791 | D:9      | Found a staircase to the Orcish Mines.
 11081 | Orc:1    | Entered Level 1 of the Orcish Mines
 11091 | Orc:1    | Noticed an orc sorcerer
 11097 | Orc:1    | Killed an orc sorcerer
 11313 | Orc:1    | Noticed Amnesiac's ghost (journeyman TeAE)
 11322 | Orc:1    | Found a radiant altar of Vehumet.
 11430 | Orc:1    | Killed Amnesiac's ghost
 12066 | Orc:1    | Noticed a cyclops
 12086 | Orc:1    | Killed a cyclops
 12086 | Orc:1    | Reached **** piety under Sif Muna
 12601 | Orc:2    | Entered Level 2 of the Orcish Mines
 12601 | Orc:2    | Noticed an orc sorcerer
 12603 | Orc:2    | Noticed an orc warlord
 12853 | Orc:2    | Noticed a stone giant
 13161 | Orc:2    | Killed an orc sorcerer
 14217 | Orc:2    | Noticed an orc high priest
 14327 | Orc:2    | Killed an orc high priest
 15539 | D:9      | Killed a stone giant
 15539 | D:9      | Reached ***** piety under Sif Muna
 15539 | D:9      | Reached XP level 12. HP: 64/66 MP: 5/30
 16129 | Orc:2    | Received a gift from Sif Muna
 16138 | Orc:2    | Learned a level 4 spell: Summon Lightning Spire
 17132 | Orc:2    | Noticed an orc high priest
 17142 | Orc:2    | Killed an orc high priest
 17575 | Orc:2    | Found a staircase to the Elven Halls.
 18196 | Orc:2    | Killed an orc warlord
 18335 | Orc:2    | Found a roughly hewn altar of Beogh.
 18486 | Orc:2    | Noticed an orc high priest
 18498 | Orc:2    | Noticed a sun demon
 18501 | Orc:2    | Killed an orc high priest
 18694 | Orc:2    | Noticed an orc high priest
 18802 | Orc:2    | Noticed a soul eater
 18806 | Orc:2    | Killed an orc high priest
 18831 | Orc:2    | Noticed an orc high priest
 18956 | Orc:2    | Killed an orc high priest
 19137 | Orc:2    | Found Xuta Zud's Food Boutique.
 19137 | Orc:2    | Found Vophojy's Assorted Antiques.
 19138 | Orc:2    | Found Utait's Book Boutique.
 19138 | Orc:2    | Found Lirghal's Assorted Antiques.
 19145 | Orc:2    | Bought a viscous pink potion for 25 gold pieces
 19145 | Orc:2    | Bought a scroll labeled NIMOARRAHU for 28 gold pieces
 19351 | Orc:2    | Bought a creamy pearl robe for 119 gold pieces
 19361 | Orc:2    | Identified the +1 robe of Wu Jian's Pride {+Inv rElec rF- MR+++} (You bought it in a shop on level 2 of the Orcish Mines)
 19429 | Elf:1    | Entered Level 1 of the Elven Halls
 19756 | Elf:1    | Reached XP level 13. HP: 60/70 MP: 8/32
 19956 | Elf:1    | Noticed Amnesiac's ghost (journeyman DEWz)
 20031 | Elf:1    | Killed Amnesiac's ghost
 20031 | Elf:1    | Received a gift from Sif Muna
 20037 | Elf:1    | Learned a level 3 spell: Ozocubu's Armour
 20182 | Elf:1    | Reached skill level 15 in Spellcasting
 20185 | Elf:1    | Reached skill level 15 in Air Magic
 20437 | Elf:1    | Noticed Louise
 20611 | Elf:1    | Killed Louise
 21586 | Elf:1    | Slain by a deep elf archer

Vault maps used:
D:1:      lightli_arrival_noodles, patterned_corridor
D:2:      kennysheep_generic_room_8
D:3:      kennysheep_doodads
D:4:      serial_shops, shop, first_ration, uniq_eustachio, uniq_sigmund
D:5:      uniq_duvessa
D:6:      yredelemnul_altar_generic, minmay_temple_entry_nine_rooms,
          fedhas_bush_and_centaur_altar
D:7:      bloody_makhleb
D:8:      uniq_joseph, uniq_maurice, uniq_grum
D:9:      erik_lair_island, the_bakery
Temple:   nicolae_temple_the_god_donut
Orc:1:    basic_altar
Orc:2:    st_orc_pillars, basic_altar, special_room
Elf:1:    eino_elf_arrival_the_gate, minmay_elf_necromancy, uniq_louise

Skill      XL: |  1  2  3  4  5  6  7  8  9 10 11 12 13 |
---------------+----------------------------------------+-----
Air Magic      | 5 6 8 9 11 13 14 15 | 15.5
Spellcasting   | 3 5 6 8 9 11 13 14 15 | 15.5
Fighting       | 2 4 |  4.1
Dodging        | 5 7 |  7.1
Stealth        | |  2.0
Conjurations   | |  1.3

Action                   |  1- 3 |  4- 6 |  7- 9 | 10-12 | 13-15 || total
-------------------------+-------+-------+-------+-------+-------++-------
Melee: Unarmed           |     3 |       |       |       |       ||     3
       Kick              |     1 |    10 |     3 |     8 |       ||    22
       War axe           |     3 |    54 |    40 |    36 |       ||   133
       Peck              |       |     3 |     4 |     7 |       ||    14
 Fire: Hunting sling     |       |       |       |    19 |       ||    19
 Cast: Shock             |    89 |    67 |    98 |     2 |       ||   256
       Airstrike         |       |    18 |    72 |   476 |    81 ||   647
       Lightning Bolt    |       |       |       |    40 |     3 ||    43
       Swiftness         |       |       |       |     2 |       ||     2
       Summon Lightning  |       |       |       |     1 |       ||     1
       Ozocubu's Armour  |       |       |       |       |     1 ||     1
Invok: Divine Energy     |       |       |       |     1 |       ||     1
 Abil: Fly               |       |     1 |     2 |    40 |     9 ||    52
       Evoke Invisibilit |       |       |       |     3 |     6 ||     9
  Use: Scroll            |       |     3 |    15 |     8 |     2 ||    28
       Potion            |       |     5 |     4 |     3 |       ||    12
 Stab: Distracted        |     1 |       |       |       |       ||     1
       Sleeping          |       |     2 |       |       |       ||     2
       Confused          |       |       |       |     1 |       ||     1
  Eat: Chunk             |     3 |     9 |    19 |    36 |     2 ||    69
       Ration            |       |     1 |       |     5 |     2 ||     8
Armor: Robe              |     3 |    14 |    20 |    38 |     1 ||    76
Dodge: Dodged            |     9 |    57 |    64 |   176 |    11 ||   317

Table legend:
 A = Spawn XP
 B = Non-spawn XP
 C = Spawn XP percentage of total XP
 D = Spawn monster count
 E = Non-spawn monster count
 F = Spawn count percentage of total count
 G = Total turns spent on level
                    A         B        C        D         E        F      G
               +---------+---------+-------+---------+---------+-------+---------
         Total |       0 |   43272 |   0.0 |       0 |     389 |   0.0 | 21586
               +---------+---------+-------+---------+---------+-------+---------
           D:1 |       0 |      34 |   0.0 |       0 |      21 |   0.0 |  1030
           D:2 |       0 |      81 |   0.0 |       0 |      30 |   0.0 |  1888
           D:3 |       0 |     266 |   0.0 |       0 |      25 |   0.0 |   820
           D:4 |       0 |     586 |   0.0 |       0 |      18 |   0.0 |  1094
           D:5 |       0 |     821 |   0.0 |       0 |      28 |   0.0 |  1196
           D:6 |       0 |    1246 |   0.0 |       0 |      22 |   0.0 |  1333
           D:7 |       0 |    1462 |   0.0 |       0 |      19 |   0.0 |  1189
           D:8 |       0 |    2732 |   0.0 |       0 |      32 |   0.0 |  1396
           D:9 |       0 |    4329 |   0.0 |       0 |      26 |   0.0 |  1522
         Orc:1 |       0 |    6939 |   0.0 |       0 |      55 |   0.0 |  5415
         Orc:2 |       0 |   11721 |   0.0 |       0 |      91 |   0.0 |  3106
         Elf:1 |       0 |   13055 |   0.0 |       0 |      22 |   0.0 |  1572
               +---------+---------+-------+---------+---------+-------+---------
